AoeStats
← AOKI_GworK

Lombardia

508285483Analyzed
4v4 RM · 10d ago on Sep 21, 2026· 59m 48s· 8 players
Game mode
Random Map
Map size
Large (8 player)
Population
200
Speed
Normal
Resources
Standard
Victory
Conquest
Starting age
Dark Age
Ending age
Imperial Age
RankedLock teamsTeams togetherTeam positionsShared explorationLock speedFull tech treeHidden civsTurbo modeCheats
Victory
Defeat
🇨🇭 Koreans · Switzerland
1793
+13
🇧🇪 Khitans · Belgium
1767
+14
🇬🇧 Hindustanis · United Kingdom
1763
+14
🇿🇦 Britons · South Africa
1760
+15
🇫🇷 Bengalis · France
1780
-16
🇫🇷 Malians · France
1764
-15
🇫🇷 Malay · France
1721
-14
🇫🇷 Chinese · France
1660
-11
AOKI_Yo
0:25 Loom
9:14 Feudal Age
10:03 Double-Bit Axe
13:30 Horse Collar
14:29 Fletching
21:35 Castle Age
21:52 Padded Archer Armor
22:04 Gold Mining
21:38 Crossbowman
22:18 Bodkin Arrow
22:05 Crossbowman
23:59 Wheelbarrow
24:05 Bow Saw
25:08 Ballistics
25:51 Thumb Ring
27:19 Hand Cart
27:49 Leather Archer Armor
28:04 Stone Mining
31:31 Heavy Plow
39:18 Imperial Age
37:09 Heated Shot
37:56 Gold Shaft Mining
37:34 Masonry
38:09 Stone Shaft Mining
39:07 Great Wall
39:22 Arbalester
40:06 Bracer
40:36 Ring Archer Armor
41:09 Chemistry
40:00 Guard Tower
44:23 Elite Skirmisher
49:39 Keep
50:21 Conscription
52:47 Caravan
54:05 Capped Ram
AOKI_Totor
3:26 Loom
9:32 Feudal Age
10:06 Double-Bit Axe
12:40 Horse Collar
21:29 Castle Age
20:03 Bloodlines
19:55 Gold Mining
20:48 Scale Barding Armor
22:14 Husbandry
22:37 Chain Barding Armor
24:50 Forging
31:42 Wheelbarrow
31:54 Bow Saw
33:45 Iron Casting
34:47 Town Watch
35:44 Gold Shaft Mining
41:23 Imperial Age
41:23 Heavy Camel Rider
43:11 Plate Barding Armor
47:27 Conscription
47:57 Farimba
52:46 Hand Cart
52:42 Scale Mail Armor
53:06 Squires
52:27 Man-at-Arms
53:26 Arson
54:11 Chain Mail Armor
53:30 Long Swordsman
54:17 Two-Handed Swordsman
55:50 Plate Mail Armor
55:49 Heavy Plow
56:21 Champion
AOKI_GworK
7:21 Loom
9:44 Feudal Age
9:57 Double-Bit Axe
9:43 Man-at-Arms
14:50 Wheelbarrow
19:23 Castle Age
17:10 Horse Collar
19:34 Bow Saw
19:26 Town Watch
22:43 Squires
22:56 Stone Mining
25:35 Forging
24:50 Long Swordsman
25:29 Arson
28:31 Iron Casting
29:33 Hand Cart
34:42 Imperial Age
32:31 Gold Mining
34:09 Ballistics
33:40 Fletching
33:33 Two-Handed Swordsman
34:54 Heavy Plow
36:34 Blast Furnace
36:30 Conscription
36:13 Forced Levy
37:18 Bodkin Arrow
38:16 Bracer
39:19 Chemistry
38:30 Masonry
41:34 Gold Shaft Mining
42:17 Caravan
48:02 Pikeman
48:49 Halberdier
AOKI_ViDa_
11:57 Feudal Age
13:25 Double-Bit Axe
15:58 Castle Age
13:57 Horse Collar
17:26 Bow Saw
18:18 Wheelbarrow
18:50 Fletching
22:11 Loom
23:12 Bodkin Arrow
36:36 Imperial Age
35:32 Bloodlines
36:46 Ballistics
37:30 Bracer
38:54 Chemistry
39:49 Elite Ratha (Ranged)
41:04 Padded Archer Armor
43:23 Leather Archer Armor
44:43 Ring Archer Armor
47:14 Caravan
46:55 Light Cavalry
47:40 Husbandry
50:36 Hand Cart
50:07 Town Watch
52:14 Conscription
Tusky
6:32 Loom
9:15 Feudal Age
11:52 Double-Bit Axe
12:27 Domestication
15:42 Forging
19:38 Scale Barding Armor
22:39 Castle Age
22:48 Light Cavalry
23:47 Fletching
24:36 Iron Casting
27:53 Bow Saw
27:49 Fletching
28:58 Wheelbarrow
31:53 Husbandry
39:30 Imperial Age
39:43 Elite Steppe Lancer
40:51 Chain Barding Armor
40:54 Caravan
42:22 Plate Barding Armor
42:46 Hussar
45:48 Pastoralism
55:51 Transhumance
56:27 Two-Man Saw
58:55 Conscription
60:04 Ordo Cavalry
daehiise
11:42 Feudal Age
12:47 Double-Bit Axe
15:28 Castle Age
13:46 Fletching
16:52 Bodkin Arrow
16:42 Horse Collar
22:23 Loom
30:40 Ballistics
31:38 Wheelbarrow
34:12 Husbandry
36:52 Imperial Age
35:16 Stone Mining
35:17 Gold Mining
35:51 Bow Saw
37:25 Masonry
37:35 Bracer
38:36 Chemistry
39:10 Fortified Wall
40:55 Architecture
40:50 Conscription
41:13 Elite War Wagon
46:15 Eupseong
47:55 Murder Holes
48:01 Caravan
49:36 Guilds
51:31 Arrowslits
52:38 Heavy Rocket Cart
56:49 Siege Engineers
Pete
6:30 Loom
8:49 Feudal Age
9:36 Double-Bit Axe
10:54 Horse Collar
19:43 Castle Age
17:55 Forging
18:53 Bloodlines
20:45 Bow Saw
24:33 Scale Barding Armor
26:51 Heavy Plow
28:23 Wheelbarrow
28:36 Chain Barding Armor
29:10 Gold Mining
31:49 Hand Cart
32:19 Iron Casting
33:13 Husbandry
37:22 Imperial Age
34:42 Town Watch
37:35 Grand Trunk Road
38:42 Plate Barding Armor
37:49 Heavy Camel Rider
39:08 Hoardings
40:34 Blast Furnace
39:38 Caravan
39:37 Imperial Camel Rider
44:04 Gold Shaft Mining
44:19 Conscription
43:24 Light Cavalry
48:18 Town Patrol
48:58 Fletching
50:17 Bodkin Arrow
50:51 Siege Elephant
52:02 Siege Engineers
YoungPanda
6:36 Loom
9:14 Feudal Age
11:59 Double-Bit Axe
16:48 Fletching
21:18 Castle Age
19:53 Horse Collar
21:19 Crossbowman
22:09 Bodkin Arrow
26:34 Wheelbarrow
29:42 Ballistics
37:50 Imperial Age
36:40 Fortified Wall
38:39 Bracer
41:01 Chemistry
41:24 Caravan
41:29 Arbalester
42:47 Yeomen
46:02 Padded Archer Armor
46:18 Guilds
46:39 Coinage
47:13 Hand Cart
47:08 Bow Saw
47:49 Conscription
48:58 Elite Longbowman
50:39 Leather Archer Armor
51:52 Warwolf
52:04 Siege Engineers
52:32 Guard Tower
54:14 Ring Archer Armor
54:42 Masonry
54:14 Treadmill Crane
57:49 Banking
58:40 Heavy Plow
59:40 Two-Man Saw
59:45 Scale Mail Armor
59:55 Forging
59:51 Scale Barding Armor
59:47 Squires
59:33 Arson
Connection lost

Rejoining the realm…

Still unreachable

The connection could not be restored.

Session expired

The server has moved on; the page needs a fresh start.